 Dungeon Crawl Stone Soup version 0.29-a0-472-ge5599a681e (webtiles) character file.

Game seed: 4108524866261510654

225 siradein the Skirmisher (level 5, -9/48 HPs)
             Began as a Draconian Fighter on May 23, 2022.
             Was an Initiate of Hepliaklqana.
             Killed from afar by a steam dragon (16 damage)
             ... with a ball of steam
             ... on level 4 of the Dungeon.
             The game lasted 00:06:55 (2726 turns).

siradein the Skirmisher (Draconian Fighter)         Turns: 2726, Time: 00:06:55

Health: -9/48      AC:  5    Str: 22    XL:     5   Next: 68%
Magic:  5/5        EV: 11    Int: 16    God:    Hepliaklqana [......]
Gold:   148        SH:  4    Dex:  7    Spells: 4/4 levels left

rFire   . . .      SeeInvis .   b - +6 hunting sling "Buiwy" {freeze, Will+ Str+4 Dex-4}
rCold   . . .      Faith    .   l - +0 buckler
rNeg    . . .      Spirit   .   (body armour unavailable)
rPois   +          Reflect  .   (helmet restricted)
rElec   .          Harm     .   (no cloak)
rCorr   .          Rampage  .   (no gloves)
Will    +....                   (no boots)
Stlth   +.........              (no amulet)
HPRegen 0.16/turn               i - ring of poison resistance
MPRegen 0.09/turn               g - +6 ring of intelligence

@: no status effects
A: AC +5, unfitting armour, cold-blooded
a: Renounce Religion


You were on level 4 of the Dungeon.
You worshipped Hepliaklqana.
Hepliaklqana was noncommittal.
You visited 1 branch of the dungeon, and saw 4 of its levels.

You collected 148 gold pieces.

Inventory:

Hand Weapons
 a - a +0 flail
 b - the +6 hunting sling "Buiwy" (weapon) {freeze, Will+ Str+4 Dex-4}
   (You found it on level 2 of the Dungeon)

   Any ammunition fired from it freezes those it strikes, dealing additional
   cold damage.
   It can also slow down cold-blooded creatures.
   Str:       It affects your strength (+4).
   Dex:       It affects your dexterity (-4).
   Will:      It increases your willpower.
Missiles
 o - 3 poisoned darts
Armour
 l - a +0 buckler (worn)
Jewellery
 g - a +6 ring of intelligence (right hand)
 i - a ring of poison resistance (left hand)
Wands
 n - a wand of polymorph (2)
Scrolls
 d - a scroll of torment
 e - a scroll of amnesia
 h - a scroll of fog {unknown}
 j - a scroll of poison {unknown}
 k - 2 scrolls of teleportation {unknown}
Potions
 c - a potion of might
 f - 4 potions of heal wounds
 m - a potion of flight
 p - a potion of degeneration {unknown}
 q - a potion of brilliance {unknown}
 r - a potion of ambrosia {unknown}


   Skills:
 + Level 5.5 Fighting
 + Level 4.4 Maces & Flails
 - Level 2.6 Dodging
 - Level 3.0 Shields


You had 4 spell levels left.
You didn't know any spells.
Your spell library was empty.

Dungeon Overview and Level Annotations

Branches:
Dungeon (4/15)
 Temple: D:4-7

Altars:
Hepliaklqana
Okawaru

Shops:
D:1 (!


Innate Abilities, Weirdness & Mutations

Your plain brown scales are hard. (AC +5)
You cannot fit into any form of body armour.
You are cold-blooded and may be slowed by cold attacks.


Message History

The adder is heavily wounded.
The adder bites you. The adder closely misses you.
You hit the adder.
The adder is almost dead.
The adder bites you but does no damage.
You barely miss the adder.
The adder is almost dead.
The adder barely misses you. x2
You hit the adder.
You kill the adder!
You feel stronger.
You feel clumsy.
The +6 hunting sling "Buiwy" {freeze, Will+ Str+4 Dex-4} is covered in frost.
b - the +6 hunting sling "Buiwy" (weapon)
{freeze, Will+ Str+4 Dex-4} HP restored.
f - 4 potions of heal wounds (gained 1)
A kobold comes into view. It is wielding a +0 club.
The kobold shouts!
A steam dragon comes into view.
The kobold moves out of view.
You shoot a sling bullet.
The sling bullet completely misses the steam dragon.
The steam dragon hisses angrily.
The steam dragon breathes steam at you. The ball of steam hits you!
The steam dragon breathes steam at you. The ball of steam hits you!!
Ouch! That really hurt!
* * * LOW HITPOINT WARNING * * *
The steam dragon breathes steam at you. The ball of steam hits you.
* * * LOW HITPOINT WARNING * * *
You are engulfed in a cloud of scalding steam.
The steam dragon breathes steam at you.
The ball of steam hits you but does no damage.
There is an open door here.
There is an open door here.
The steam dragon breathes steam at you. The ball of steam hits you!
You die...

### ##########..
#........#..
.##############........#..
.........@ยงยง..'D.......'..
.........######.......(#..
########.# ##########.. #.#
### #.# .. ######'#### ...
#.........# #'# #.........#
###.# #.........########


There were no monsters in sight!

Vanquished Creatures
  A phantom (D:3)
  Terence (D:2)
  A gnoll (D:3)
  4 adders
  A worm (D:3)
  A dart slug (D:1)
  6 orcs (D:3)
  3 ball pythons
  6 endoplasms
  4 giant cockroaches
  6 hobgoblins
  2 jackals (D:1)
  6 kobolds
  4 quokkas
  9 bats
  5 frilled lizards
  4 goblins
  5 rats
69 creatures vanquished.

Vanquished Creatures (others)
  A kobold (D:4)
1 creature vanquished.

Grand Total: 70 creatures vanquished

Notes
Turn   | Place    | Note
-------+----------+-------------------------------------------
     0 | D:1      | siradein the Draconian Fighter began the quest for the Orb.
     0 | D:1      | Reached XP level 1. HP: 19/19 MP: 1/1
    40 | D:1      | Found Acluicka's Weapon Emporium.
    41 | D:1      | Found Menatooh's Distillery.
   128 | D:1      | Reached XP level 2. HP: 26/26 MP: 2/2
   427 | D:1      | Reached skill level 4 in Fighting
   480 | D:1      | Reached XP level 3. HP: 25/33 MP: 3/3
   851 | D:2      | Identified the +6 hunting sling "Buiwy" {freeze, Will+
                  | Str+4 Dex-4}
   963 | D:2      | Noticed Terence
   975 | D:2      | Killed Terence
   976 | D:2      | Reached XP level 4. HP: 37/41 MP: 4/4
  1097 | D:2      | Found a faded altar of an unknown god.
  1600 | D:3      | Noticed a phantom
  1611 | D:3      | Killed a phantom
  1612 | D:3      | Reached skill level 5 in Fighting
  1612 | D:3      | Reached XP level 5. HP: 28/48 MP: 5/5
  2164 | D:3      | Found a hazy altar of Hepliaklqana.
  2168 | D:3      | Became a worshipper of Hepliaklqana the Forgotten
  2403 | D:3      | Found an iron altar of Okawaru.
  2696 | D:4      | Noticed a steam dragon
  2726 | D:4      | Killed from afar by a steam dragon

Illustrated notes

Levels and vault maps discovered:
D:1:      dpeg_arrival_stone_temple_mockup, layout_rooms, serial_shops,
          nicolae_shop_bloodbath_and_beyond, shop_fountains
D:2:      layout_loops_cross, ebering_ecumenical_altar_rust, uniq_terence
D:3:      layout_basic, mainiacjoe_overflow_alcove_4, okawaru_altar_gauntlet_db,
          chequers_jeans, supply_closet_lemuel
D:4:      layout_basic, hangedman_abyss_or_decor_passed

Skill      XL: |  1  2  3  4 |
---------------+-------------+-----
Fighting       | 4 5 |  5.5
Maces & Flails | 3 4 |  4.4
Dodging        | |  2.6
Shields        | |  3.0

Action                   |  1- 3 |  4- 6 || total
-------------------------+-------+-------++-------
Melee: Flail             |    83 |    58 ||   141
       Tailslap          |     7 |     7 ||    14
 Fire: Hunting sling     |    14 |    53 ||    67
  Use: Scroll            |     3 |     1 ||     4
 Stab: Distracted        |     1 |       ||     1
Armor: Skin              |    28 |    25 ||    53
Dodge: Dodged            |    53 |    46 ||    99
Block: Buckler           |    14 |    17 ||    31

Table legend: (Time is in decaauts)
 A = Elapsed time spent in this place.
 B = Non-inter-level travel time spent in this place.
 C = Inter-level travel time spent in this place.
 D = Time resting spent in this place.
 E = Time spent auto-exploring this place.
 F = Levels seen in this place.
 G = Mean time per level.
                   A        B        C        D        E       F      G
               +--------+--------+--------+--------+--------+-----+--------+
         Total |   2798 |   2735 |     63 |      0 |   2194 |   4 |  699.5 |
       Dungeon |   2798 |   2735 |     63 |      0 |   2194 |   4 |  699.5 |
               +--------+--------+--------+--------+--------+-----+--------+

Top non-repeatable levels by time:
     D:3: 1072 daAuts
     D:2: 907 daAuts
     D:1: 623 daAuts
     D:4: 196 daAuts
